 Dungeon Crawl Stone Soup version 0.22.1-1-ga44c0e5 (webtiles) character file.

523 harcile the Slasher (level 7, 0/60 HPs)
             Began as a Hill Orc Fighter on Oct 11, 2018.
             Slain by a phantom (7 damage)
             ... on level 4 of the Dungeon.
             The game lasted 00:06:30 (2780 turns).

harcile the Slasher (Hill Orc Fighter)              Turns: 2780, Time: 00:06:31

Health: 0/60       AC:  8    Str: 20    XL:     7   Next: 22%
Magic:  7/7        EV:  8    Int:  8    God:
Gold:   182        SH: 10    Dex: 11    Spells: 6/6 levels left

rFire    . . .     SeeInvis .   a - +0 long sword
rCold    . . .     Gourm    .   c - +0 shield
rNeg     . . .     Faith    .   b - +0 scale mail
rPois    .         Spirit   .   (no helmet)
rElec    .         Reflect  .   (no cloak)
rCorr    .         Harm     .   r - +0 pair of gloves
MR       .....                  (no boots)
Stlth    ..........             (no amulet)
HPRegen  0.20/turn              (no ring)
MPRegen  0.10/turn              (no ring)

@: no status effects
A: no striking features
a: no special abilities


You were on level 4 of the Dungeon.
You were hungry.

You visited 1 branch of the dungeon, and saw 4 of its levels.

You collected 182 gold pieces.

Inventory:

Hand Weapons
 a - a +0 long sword (weapon)
 t - a +0 war axe
 w - a cursed -3 spear
Armour
 b - a +0 scale mail (worn)
 c - a +0 shield (worn)
 i - a +0 pair of gloves
 r - a +0 pair of gloves (worn)
 x - a +0 cloak
Jewellery
 j - an uncursed ring of protection from magic {unknown}
Wands
 u - a wand of clouds (5)
Scrolls
 e - 3 scrolls of remove curse {unknown}
 k - 2 scrolls of immolation {unknown}
 l - a scroll of fog {unknown}
 m - 3 scrolls of fear {unknown}
 n - 4 scrolls of teleportation {unknown}
 o - a scroll of identify {unknown}
Potions
 d - a potion of might
 g - a potion of lignification {unknown}
 h - a potion of ambrosia {unknown}
 p - a potion of invisibility {unknown}
 q - a potion of magic {unknown}
 s - 2 potions of agility
 v - a potion of cancellation {unknown}
Comestibles
 f - 3 rations


   Skills:
 + Level 4.8 Fighting
 + Level 5.4 Long Blades
 + Level 4.5 Armour
 + Level 1.4 Dodging
 + Level 1.0 Stealth
 + Level 5.0 Shields


You had 6 spell levels left.
You didn't know any spells.
Your spell library was empty.

Dungeon Overview and Level Annotations

Branches:
Dungeon (4/15)
 Temple: D:4-7

Altars:
Makhleb
Okawaru
Vehumet
Xom
Yredelemnul


Message History

The phantom is severely damaged.
The phantom barely misses you.
You riposte.
You barely miss the phantom.
The phantom is severely damaged.
The phantom hits you.
* * * LOW HITPOINT WARNING * * *
You completely miss the phantom.
The phantom is severely damaged.
You block the phantom's attack.
You hit the phantom.
The phantom is severely damaged.
The phantom hits you!
* * * LOW HITPOINT WARNING * * *
You hit the phantom but do no damage.
The phantom is severely damaged.
The phantom hits you.
* * * LOW HITPOINT WARNING * * *
You hit the phantom.
The phantom is severely damaged.
The phantom hits you!
You die...

#............# #..
....#.........##.#
#.#
##...##........##.#
#.
#....⌠...##.#####.#
#.#
.......#+##.#####.#
#..
.⌠.<............#.#
###
.............##.#.#
.....⌠W......# #.#
#.....@.....# #..
####........# ###
#........# #..
#........# #.#
#........# #
####.##### # #.# #
#.# # #.#


You could see a phantom.

Vanquished Creatures
  An ogre (D:3)
  A phantom (D:4)
  A bullfrog (D:2)
  A centaur zombie (D:2)
  A bullfrog skeleton (D:4)
  A hound (D:2)
  2 orc priests
  6 adders
  An ooze (D:1)
  A worm (D:3)
  3 leopard geckos
  14 orcs
  7 bats
  A giant cockroach (D:3)
  9 goblins
  2 hobgoblins
  A quokka (D:3)
  A ball python (D:1)
  5 frilled lizards
  4 kobolds
  4 rats
67 creatures vanquished.

Notes
Turn   | Place    | Note
-------+----------+-------------------------------------------
     0 | D:1      | harcile the Hill Orc Fighter began the quest for the Orb.
     0 | D:1      | Reached XP level 1. HP: 19/19 MP: 1/1
   102 | D:1      | Reached XP level 2. HP: 18/27 MP: 2/2
   710 | D:2      | Reached XP level 3. HP: 33/33 MP: 3/3
   824 | D:2      | Reached XP level 4. HP: 25/40 MP: 4/4
   912 | D:2      | Noticed a bullfrog
   928 | D:2      | Killed a bullfrog
   928 | D:2      | Reached XP level 5. HP: 10/47 MP: 5/5
  1337 | D:2      | Found a burning altar of Makhleb.
  2090 | D:3      | Found a shimmering altar of Xom.
  2091 | D:3      | Found a radiant altar of Vehumet.
  2091 | D:3      | Found an iron altar of Okawaru.
  2091 | D:3      | Found a basalt altar of Yredelemnul.
  2145 | D:3      | Noticed an ogre
  2173 | D:3      | Killed an ogre
  2173 | D:3      | Reached skill level 1 in Dodging
  2173 | D:3      | Reached XP level 6. HP: 45/53 MP: 6/6
  2203 | D:3      | Reached skill level 1 in Stealth
  2555 | D:4      | Reached skill level 5 in Long Blades
  2615 | D:4      | Noticed a phantom
  2667 | D:4      | Killed a phantom
  2667 | D:4      | Reached XP level 7. HP: 34/60 MP: 7/7
  2736 | D:4      | Reached skill level 5 in Shields
  2780 | D:4      | Slain by a phantom

Skill      XL: |  1  2  3  4  5  6  7 |
---------------+----------------------+-----
Fighting       | 4 |  4.8
Long Blades    | 3 4 5 |  5.4
Armour         | 4 |  4.5
Shields        | 4 5 |  5.0
Dodging        | 1 |  1.4
Stealth        | 1 |  1.0

Action                   |  1- 3 |  4- 6 |  7- 9 || total
-------------------------+-------+-------+-------++-------
Melee: Long sword        |    76 |   228 |    45 ||   349
  Eat: Chunk             |       |     6 |       ||     6
Armor: Scale mail        |    43 |    88 |    16 ||   147
Dodge: Dodged            |    31 |    81 |     9 ||   121
Block: Shield            |    45 |   134 |    24 ||   203
       Rpst.: Long sword |    10 |    32 |     3 ||    45
